 Dungeon Crawl Stone Soup version 0.15.1-3-g1b33baa (webtiles) character file.

15602 Chiseanne the Nimble (level 12, -1/101 HPs)
             Began as a Ghoul Assassin on Oct 6, 2014.
             Was a High Priest of Okawaru.
             Slain by a spiny frog (10 damage)
             ... on Level 3 of the Lair of Beasts.
             The game lasted 01:17:33 (19249 turns).

Chiseanne the Nimble (Ghoul Assassin)              Turns: 19249, Time: 01:17:33

HP  -1/101       AC 10     Str 16      XL: 12   Next: 28%
MP   8/9         EV 23     Int  6      God: Okawaru [*****.]
Gold 806         SH  0     Dex 14      Spells:  0 memorised, 11 levels left

rFire  + . .     SeeInvis +     s - +3 dagger (speed)
rCold  + . .     Clarity  .     c - +2 leather armour {rF+}
rNeg   + + +     rCorr    .     (no shield)
rPois  +         rRot     +     (no helmet)
rElec  .         Spirit   .     C - +2 cloak
SustAb .         Warding  .     z - +0 pair of gloves
rMut   .         Stasis   .     (no boots)
Saprov + + +                    (no amulet)
MR     +....                    g - ring of protection from magic
                                h - ring of see invisible

@: heroism, rotting, somewhat resistant to hostile enchantments, very stealthy
A: rotting body, claws 1, carnivore 3, cold resistance 1, negative energy
resistance 3, poison resistance, saprovore 3, slow healing 1, torment
resistance, unbreathing
a: Heroism, Finesse, Renounce Religion


You were on level 3 of the Lair of Beasts.
You worshipped Okawaru.
Okawaru was extremely pleased with you.
You were not hungry.

You visited 3 branches of the dungeon, and saw 16 of its levels.

You collected 806 gold pieces.

Inventory:

Hand weapons
 a - a +3 dagger of venom
 s - a +3 dagger of speed (weapon)
 w - a +2 blowgun of evasion
Missiles
 b - 10 tomahawks
 e - 70 poisoned needles
 k - 8 tomahawks of returning
 n - 7 curare-tipped needles
 p - 2 javelins (quivered)
 q - 6 needles of confusion
 K - 2 throwing nets
Armour
 c - a +2 leather armour of fire resistance (worn)
 z - a +0 pair of gloves (worn)
 C - a +2 cloak (worn)
Magical devices
 o - a wand of heal wounds (5)
Comestibles
 f - 5 meat rations
 l - 2 beef jerkies
 r - 3 slices of pizza
 O - a chunk of crocodile flesh
Scrolls
 j - a scroll of fog
 y - 2 scrolls of teleportation
 D - 2 scrolls of remove curse
 F - a scroll of fear
 J - 2 scrolls of magic mapping
Jewellery
 g - a ring of protection from magic (right hand)
 h - a ring of see invisible (left hand)
 B - an uncursed ring of stealth
Potions
 i - 3 potions of curing
 m - 4 potions of haste
 u - a potion of flight
 v - 5 potions of restore abilities
 E - 2 potions of cancellation
 H - a potion of mutation {unknown}
 I - a potion of invisibility {unknown}
 L - a potion of brilliance {unknown}
Books
 x - a book of Enchantments

   Spells                             Type                      Level
   Tukima's Dance                     Hexes                        3
   Cause Fear                         Hexes                        4
   Silence                            Hexes/Air                    5
   Deflect Missiles                   Charms/Air                   6
   Haste                              Charms                       6
   Discord                            Hexes                        8
 G - a book of Wizardry

   Spells                             Type                      Level
   Agony                              Necromancy                   5
   Force Lance                        Conjuration                  5
   Dispersal                          Translocation                6
   Haste                              Charms                       6
   Invisibility                       Hexes                        6
   Spellforged Servitor               Conjuration/Summoning        7
 M - a book of Envenomations

   Spells                             Type                      Level
   Spider Form                        Transmutation/Poison         3
   Alistair's Intoxication            Transmutation/Poison         4
   Olgreb's Toxic Radiance            Poison                       4
   Poisonous Cloud                    Conjuration/Poison/Air       6
Miscellaneous
 d - a lantern of shadows


   Skills:
 - Level 8.0(13.0) Fighting
 * Level 5.2(10.2) Short Blades
 - Level 1.7(6.7) Throwing
 * Level 13.4(18.4) Dodging
 * Level 11.6(16.6) Stealth


You had 11 spell levels left.
You didn't know any spells.

Dungeon Overview and Level Annotations

Branches:
Dungeon (12/15)            Temple (1/1) D:4             Orc (0/4) D:12
   Lair (3/8) D:8          Shoals (0/5) Lair:3
  Snake: Lair:3-6    Spider: Lair:3-6

Altars:
Ashenzari
Cheibriados
Dithmenos
Elyvilon
Fedhas
Kikubaaqudgha
Makhleb
Nemelex Xobeh
Okawaru
Qazlal
Sif Muna
Trog
Vehumet
Xom
Yredelemnul
Zin
The Shining One

Shops:
D:12 [

Annotations:
D:8 exclusions: oklob sapling and 1 more exclusion
D:11 exclusion: downstairs
Lair:1 exclusion: downstairs


Innate Abilities, Weirdness & Mutations

Your body is rotting away.
You have sharp fingernails.
You are carnivorous and can eat meat at any time.
Your flesh is cold resistant.
You are immune to negative energy.
Your system is resistant to poisons.
You thrive on rotten meat.
You heal slowly when monsters are visible.
You are immune to unholy pain and torment.
You can survive without breathing.


Message History

The spiny frog is severely wounded.
Evoke which item? (* to show all) (? for menu, Esc to quit)
Zapping:
o - a wand of heal wounds {zapped: 2}
Press: ? - help, Shift-Dir - straight line, f - you You feel much better.
The spiny frog stings you!
Evoke which item? (* to show all) (? for menu, Esc to quit)
Zapping:
o - a wand of heal wounds {zapped: 3}
Press: ? - help, Shift-Dir - straight line, f - you Nothing appears to happen.
The spiny frog stings you!
* * * LOW HITPOINT WARNING * * *
Evoke which item? (* to show all) (? for menu, Esc to quit)
Okay, then.
Read which item? (? for menu, Esc to quit)
Charge which item? (? for menu, Esc to quit)
As you read the scroll of recharging, it crumbles to dust.
Your wand of heal wounds {empty} glows for a moment.
The spiny frog stings you!!
* * * LOW HITPOINT WARNING * * *
The spiny frog stings you!
You die...

##....# ######P##.♣...P..
......#### #.......#..♣P♣PPP
.........# ####..........P♣♣♣P.
......#..#####.##.........P..PP♣P
...........................P..P♣.
............................P..♣P
...........#.#.P..........PP.♣♣P.
...........#..##........##.PP♣.P.
.............#..@......####.P.PP.
......#...PP...F......## #####.#
......#.....#..........# #
......#.....P.........##
......§#...%.........##
.%..........#...#...##
..............#.#..##
....#...(....%[.%...#
........<....####...#


You could see a spiny frog.

Vanquished Creatures
  An unseen horror (D:11)
  3 hill giants (D:11)
  2 ugly things
  An elephant (Lair:1)
  A mermaid (Lair:3)
  A gargoyle (D:10)
  A burning bush (Lair:1)
  2 trolls
  3 wandering mushrooms (D:8)
  A fire drake (Lair:1)
  3 blink frogs (Lair:3)
  4 two-headed ogres
  A basilisk (D:8)
  10 yaks
  A shadow (D:11)
  A wyvern (D:8)
  A hungry ghost (D:10)
  Eustachio (D:4)
  A deep elf mage (D:9)
  A hill giant skeleton (D:10)
  2 hippogriffs
  3 wolves
  A soldier ant (D:11)
  2 sky beasts
  A yellow wasp (D:7)
  3 porcupines
  6 orc warriors
  5 water moccasins
  2 black bears
  2 phantoms (D:8)
  3 ice beasts
  5 ogres
  5 centaurs
  A necrophage (D:10)
  A big kobold (D:7)
  2 crocodiles
  Blork the orc (D:4)
  A cyclops zombie (D:10)
  5 giant frogs
  A scorpion (D:8)
  9 killer bees
  4 crimson imps
  A goliath beetle (D:8)
  7 orc priests
  5 jellies
  A centaur skeleton (D:9)
  2 quasits (D:9)
  9 orc wizards
  Natasha (thrice) (D:3)
  7 iguanas
  5 hounds
  6 worker ants
  An ogre zombie (D:7)
  2 hound zombies (D:5)
  Terence (D:2)
  2 shadow imps
  A giant mite (D:4)
  16 adders
  An iguana zombie (D:9)
  5 giant geckos
  38 orcs
  11 bats
  7 giant cockroaches
  12 hobgoblins
  19 kobolds
  8 quokkas
  2 ball pythons
  3 giant newts
  A giant spore (D:10)
  15 goblins
  A goblin skeleton (D:5)
  3 jackals (D:10)
  An orc skeleton (D:10)
  12 rats
  A spectral orc (D:9)
  2 ballistomycetes (D:10)
316 creatures vanquished.

Vanquished Creatures (collateral kills)
  A giant frog (Lair:1)
1 creature vanquished.

Vanquished Creatures (others)
  2 jackals (D:10)
  A giant spore (D:10)
  A fungus (Lair:2)
4 creatures vanquished.

Grand Total: 321 creatures vanquished

Notes
Turn   | Place    | Note
--------------------------------------------------------------
     0 | D:1      | Chiseanne, the Ghoul Assassin, began the quest for the Orb.
     0 | D:1      | Reached XP level 1. HP: 17/17 MP: 1/1
   138 | D:1      | Reached XP level 2. HP: 25/25 MP: 2/2
   185 | D:1      | Reached skill level 1 in Dodging
   254 | D:1      | Reached skill level 5 in Stealth
   791 | D:2      | Reached XP level 3. HP: 20/29 MP: 3/3
   892 | D:2      | Found a glowing silver altar of Zin.
  1062 | D:2      | Found a glowing golden altar of the Shining One.
  1094 | D:2      | Noticed Terence
  1107 | D:2      | Killed Terence
  1107 | D:2      | Reached XP level 4. HP: 20/37 MP: 3/3
  1778 | D:3      | Noticed Natasha
  1781 | D:3      | Killed Natasha
  1781 | D:3      | Reached XP level 5. HP: 44/44 MP: 4/4
  1887 | D:3      | Noticed Natasha
  1903 | D:3      | Killed Natasha
  2252 | D:3      | Noticed Natasha
  2258 | D:3      | Reached skill level 6 in Stealth
  2261 | D:3      | Killed Natasha
  2454 | D:3      | Noticed a centaur
  2464 | D:3      | Killed a centaur
  2464 | D:3      | Reached XP level 6. HP: 43/51 MP: 5/5
  2616 | D:4      | Noticed Eustachio
  2631 | D:4      | Killed Eustachio
  2765 | D:4      | Reached XP level 7. HP: 30/57 MP: 5/5
  3210 | D:4      | Found a staircase to the Ecumenical Temple.
  3246 | D:4      | Reached skill level 7 in Stealth
  3284 | Temple   | Entered the Ecumenical Temple
  3385 | Temple   | Became a worshipper of Warmaster Okawaru
  3484 | D:4      | Noticed Blork the orc
  3500 | D:4      | Killed Blork the orc
  3500 | D:4      | Reached skill level 5 in Dodging
  3771 | D:5      | Entered Level 5 of the Dungeon
  3998 | D:5      | Reached XP level 8. HP: 64/64 MP: 6/6
  4020 | D:5      | Found a shimmering altar of Xom.
  4499 | D:5      | Found a shimmering altar of Xom.
  4825 | D:6      | Reached skill level 5 in Fighting
  5316 | D:6      | Acquired Okawaru's first power
  5453 | D:7      | Reached skill level 8 in Stealth
  5755 | D:7      | Found a shadowy altar of Dithmenos.
  5936 | D:7      | Reached skill level 9 in Stealth
  5936 | D:7      | Reached XP level 9. HP: 75/75 MP: 7/7
  6582 | D:8      | Noticed a wandering mushroom
  6596 | D:8      | Killed a wandering mushroom
  6616 | D:8      | Noticed a wandering mushroom
  6617 | D:8      | Killed a wandering mushroom
  6619 | D:8      | Found a blossoming altar of Fedhas.
  6619 | D:8      | Noticed a wandering mushroom
  6619 | D:8      | Noticed a wandering mushroom
  6673 | D:8      | Reached skill level 10 in Stealth
  7716 | D:8      | Reached XP level 10. HP: 59/86 MP: 7/7
  8370 | D:8      | Found a staircase to the Lair.
  8623 | D:8      | Killed a wandering mushroom
  8927 | Lair:1   | Entered Level 1 of the Lair of Beasts
 10259 | Lair:2   | Noticed a four-headed hydra
 10412 | D:9      | Reached skill level 10 in Dodging
 11930 | D:9      | Found a basalt altar of Yredelemnul.
 11978 | D:9      | Reached skill level 11 in Dodging
 11992 | D:9      | Reached XP level 11. HP: 92/92 MP: 8/8
 12056 | D:10     | Entered Level 10 of the Dungeon
 13300 | D:10     | Received a gift from Okawaru
 14778 | D:11     | Noticed a hill giant
 14973 | D:11     | Noticed a hill giant
 14999 | D:11     | Killed a hill giant
 15305 | D:11     | Reached skill level 12 in Dodging
 16003 | D:11     | Killed a hill giant
 16055 | D:11     | Noticed a hill giant
 16079 | D:11     | Killed a hill giant
 16079 | D:11     | Acquired Okawaru's second power
 16272 | D:12     | Noticed a skeletal warrior
 16274 | D:12     | Noticed a skeletal warrior
 16284 | D:12     | Noticed a skeletal warrior
 16508 | D:12     | Found Brant's Armour Emporium.
 16508 | D:12     | Found a staircase to the Orcish Mines.
 16825 | D:11     | Noticed an unseen horror
 16846 | D:11     | Killed an unseen horror
 16846 | D:11     | Reached XP level 12. HP: 38/101 MP: 9/9
 17466 | Lair:2   | Noticed a black mamba
 17484 | Lair:2   | Noticed an elephant
 17487 | Lair:2   | Noticed an elephant
 17487 | Lair:2   | Noticed an elephant
 17521 | Lair:1   | Killed an elephant
 17521 | Lair:1   | Reached skill level 5 in Short Blades
 17676 | Lair:2   | Reached skill level 13 in Dodging
 18262 | Lair:2   | Noticed an elephant
 18262 | Lair:2   | Noticed an elephant
 18563 | Lair:2   | Noticed an eight-headed hydra
 18747 | Lair:3   | Found a staircase to the Shoals.
 19249 | Lair:3   | Slain by a spiny frog

Action                   |  1- 3 |  4- 6 |  7- 9 | 10-12 || total
-------------------------+-------+-------+-------+-------++-------
Melee: Dagger            |   119 |   105 |   366 |  1394 ||  1984
       Hand axe          |       |       |   120 |    37 ||   157
 Fire: Blowgun           |       |       |    23 |    19 ||    42
Throw: Javelin           |       |       |     7 |    14 ||    21
Invok: Heroism           |       |       |       |     1 ||     1
Evoke: Wand              |       |     1 |     2 |    16 ||    19
  Use: Scroll            |     3 |     7 |     6 |    19 ||    35
       Potion            |       |     1 |     3 |     7 ||    11
 Stab: Sleeping          |     1 |     8 |    16 |    16 ||    41
       Distracted        |       |       |     1 |     3 ||     4
  Eat: Chunk             |    22 |    20 |    68 |    93 ||   203
